 Dungeon Crawl Stone Soup version 0.26.0-18-gc5c842f807 (webtiles) character file.

Game seed: 6676496303805916942

133 Kejsarherre the Shield-Bearer (level 4, 0/39 HPs)
             Began as a Minotaur Fighter on Jan 22, 2021.
             Slain by an adder (2 damage)
             ... on level 3 of the Dungeon.
             The game lasted 00:04:19 (1743 turns).

Kejsarherre the Shield-Bearer (Minotaur Fighter)    Turns: 1743, Time: 00:04:20

Health: 0/39       AC: 12    Str: 20    XL:     4   Next: 93%
Magic:  3/3        EV:  4    Int:  5    God:
Gold:   89         SH: 10    Dex: 11    Spells: 3/3 levels left

rFire    . . .     SeeInvis .   a - +0 war axe
rCold    . . .     Faith    .   c - +0 kite shield
rNeg     . . .     Spirit   .   l - +0 plate armour
rPois    .         Reflect  .   (helmet restricted)
rElec    .         Harm     .   (no cloak)
rCorr    .         Rampage  .   b - +0 pair of gloves (curse)
Will     .....                  (no boots)
Stlth    ..........             (no amulet)
HPRegen  0.13/turn              (no ring)
MPRegen  0.08/turn              (no ring)

@: lethally poisoned (0 -> -4)
A: retaliatory headbutt, horns 2
a: no special abilities


You were on level 3 of the Dungeon.
You visited 1 branch of the dungeon, and saw 3 of its levels.

You collected 89 gold pieces.

Inventory:

Hand Weapons
 a - a +0 war axe (weapon)
Armour
 b - a cursed +0 pair of gloves (worn)
 c - a +0 kite shield (worn)
 l - a +0 plate armour (worn)
Wands
 e - a wand of random effects (18)
Scrolls
 d - a scroll of fear {unknown}
Potions
 j - a potion of resistance
 k - a potion of flight


   Skills:
 - Level 3.6 Fighting
 + Level 4.7 Axes
 - Level 3.6 Armour
 + Level 5.4 Shields


You had 3 spell levels left.
You didn't know any spells.
Your spell library was empty.

Dungeon Overview and Level Annotations

Branches:
Dungeon (3/15)

Altars:

Annotations:
D:3 Grinder


Innate Abilities, Weirdness & Mutations

You reflexively headbutt those who attack you in melee.
You have a pair of horns on your head.


Message History

The adder poisons you!
Unknown command.
Unknown command.
You hit Grinder.
Grinder is severely wounded.
You closely miss the adder.
You feel sick. The adder bites you.
* * * LOW HITPOINT WARNING * * *
Grinder gestures at you. Pain shoots through your body!
* * * LOW HITPOINT WARNING * * *
Unknown command.
It was a potion of flight.
You feel very buoyant.
You fly up into the air.
You block the adder's attack. Grinder barely misses you.
You furiously retaliate!
You headbutt Grinder!
Your magical effects are unravelling.
You feel magically purged.
You feel yourself slow down.
You float gracefully downwards.
The adder bites you.
You die...

.........# #. ............
.........### .... .........
...........#####.# #...#.(.
.........#.......###...$..
.........#..............#
.......<..)#...#...#...#####
.........†##.##......<.....##
###....####....5....#......?#
#........#..##.@..#.........
#..............S.##.........
###.####...###..###.........
#. #........)........... ..
#............)$...... ..
#........#####........ ...
...######. ......... ... #.
....... .. ..>....


You could see Grinder and an adder.

Vanquished Creatures
  Ijyb (D:2)
  3 adders (D:2)
  A worm (D:2)
  5 dart slugs
  A leopard gecko (D:1)
  4 orcs (D:2)
  2 giant cockroaches (D:2)
  7 goblins
  13 hobgoblins
  4 jackals (D:1)
  9 kobolds
  2 bats
  4 frilled lizards
  8 rats
64 creatures vanquished.

Notes
Turn   | Place    | Note
-------+----------+-------------------------------------------
     0 | D:1      | Kejsarherre the Minotaur Fighter began the quest for the
                  | Orb.
     0 | D:1      | Reached XP level 1. HP: 19/19 MP: 0/0
    62 | D:1      | Reached skill level 4 in Shields
    62 | D:1      | Reached XP level 2. HP: 7/26 MP: 1/1
   734 | D:1      | Reached XP level 3. HP: 30/31 MP: 2/2
  1220 | D:2      | Reached skill level 5 in Shields
  1220 | D:2      | Reached XP level 4. HP: 36/39 MP: 3/3
  1566 | D:3      | Noticed Grinder
  1630 | D:3      | Noticed Ijyb
  1695 | D:2      | Killed Ijyb
  1713 | D:3      | Paralysed by Grinder for 7 turns
  1730 | D:3      | Paralysed by Grinder for 7 turns
  1741 | D:3      | HP: 1/39 [Grinder/nerve-wracking pain (7)]
  1743 | D:3      | Slain by an adder

Illustrated notes

Levels and vault maps discovered:
D:1:      dpeg_arrival_court, layout_basic
D:2:      layout_rooms
D:3:      layout_rooms, uniq_ijyb, uniq_grinder

Skill      XL: |  1  2  3 |
---------------+----------+-----
Axes           | 3 4 |  4.7
Shields        | 4 5 |  5.4
Fighting       | |  3.6
Armour         | |  3.6

Action                   |  1- 3 |  4- 6 || total
-------------------------+-------+-------++-------
Melee: War axe           |    99 |    60 ||   159
       Headbutt          |    13 |     5 ||    18
  Use: Potion            |     1 |     5 ||     6
       Scroll            |       |     5 ||     5
Armor: Scale mail        |    34 |     1 ||    35
       Plate armour      |       |    30 ||    30
       Skin              |       |    11 ||    11
Dodge: Dodged            |    17 |    10 ||    27
Block: Kite shield       |    47 |    32 ||    79
